 Dungeon Crawl Stone Soup version 0.29-a0-559-g359e09b9d1 (webtiles) character file.

Game seed: 649134832338953012

202 Heedrag the Shield-Bearer (level 5, 0/47 HPs)
             Began as a Minotaur Fighter on June 9, 2022.
             Slain by Eustachio
             ... wielding a +1 rapier of venom
              (2 damage)
             ... on level 3 of the Dungeon.
             The game lasted 00:02:59 (3050 turns).

Heedrag the Shield-Bearer (Minotaur Fighter)        Turns: 3050, Time: 00:03:00

Health: 0/47       AC:  8    Str: 21    XL:     5   Next: 50%
Magic:  4/4        EV: 10    Int:  5    God:
Gold:   176        SH:  5    Dex: 11    Spells: 4/4 levels left

rFire   . . .      SeeInvis .   a - +0 war axe
rCold   . . .      Faith    .   c - +0 buckler
rNeg    . . .      Spirit   .   b - +0 scale mail
rPois   .          Reflect  .   (helmet restricted)
rElec   .          Harm     .   (no cloak)
rCorr   .          Rampage  .   v - +0 pair of gloves
Will    .....                   (no boots)
Stlth   ..........              (no amulet)
HPRegen 0.15/turn               (no ring)
MPRegen 0.09/turn               (no ring)

@: lethally poisoned (0 -> -14)
A: horns 2, retaliatory headbutt
a: no special abilities


You were on level 3 of the Dungeon.
You visited 1 branch of the dungeon, and saw 4 of its levels.

You collected 176 gold pieces.

Inventory:

Hand Weapons
 a - a +0 war axe (weapon)
Armour
 b - a +0 scale mail (worn)
 c - a +0 buckler (worn)
 v - a +0 pair of gloves (worn)
   (You found it on level 3 of the Dungeon)
Wands
 d - a wand of iceblast (13)
   (You found it on level 3 of the Dungeon)
Scrolls
 e - 3 scrolls of teleportation {unknown}
 g - 2 scrolls of fear {unknown}
 h - a scroll of magic mapping {unknown}
 i - a scroll of vulnerability {unknown}
 j - a scroll of immolation {unknown}
 l - 2 scrolls of enchant weapon {unknown}
 m - a scroll of brand weapon {unknown}
 p - a scroll of identify {unknown}
 r - a scroll of summoning {unknown}
 x - a scroll of noise {unknown}
Potions
 f - a potion of heal wounds {unknown}
 k - a potion of haste {@q3}
 n - a potion of brilliance {unknown}
 o - 2 potions of attraction {unknown}
 q - 2 potions of mutation {unknown}
 s - a potion of degeneration {unknown}
 t - a potion of lignification {unknown}
 u - a potion of curing {unknown}
 w - a potion of might


   Skills:
 + Level 4.5 Fighting
 * Level 4.5 Axes
 + Level 4.4 Armour
 + Level 2.1 Dodging
 + Level 4.5 Shields
 + Level 0.0 Evocations


You had 4 spell levels left.
You didn't know any spells.
Your spell library contained the following spells:

 Spells                   Type           Power      Damage    Failure   Level
 Call Canine Familiar     Summ           0%         N/A       99%         3
 Portal Projectile        Hex/Tloc       0%         N/A       99%         3
 Leda's Liquefaction      Hex/Erth       0%         N/A       100%        4


Dungeon Overview and Level Annotations

Branches:
Dungeon (4/15)
 Temple: D:4-7

Altars:

Annotations:
D:3 Eustachio


Innate Abilities, Weirdness & Mutations

You have a pair of horns on your head.
You reflexively headbutt those who attack you in melee.


Message History

Where to? (Enter - D:3, ? - help)
You see here a quokka skeleton.
There is a stone staircase leading down here.
You climb downwards.
There is a stone staircase leading up here.
Eustachio is nearby!
Eustachio is nearby!
Eustachio is nearby!
Eustachio is nearby!
You block Eustachio's attack.
You hit Eustachio but do no damage.
Eustachio gestures wildly while chanting.
Eustachio blinks!
You slash Eustachio! Your headbutt misses Eustachio.
Eustachio mumbles some strange words.
Eustachio blinks!
There is a stone staircase leading up here.
You miss Eustachio.
Eustachio hits you with a +1 rapier of venom.
You hit Eustachio but do no damage. Your headbutt misses Eustachio.
Eustachio misses you.
Eustachio casts a spell.
You miss Eustachio.
Eustachio hits you with a +1 rapier of venom!
You are poisoned.
You feel very sick. Eustachio completely misses you.
The shadow imp completely misses you.
You climb upwards.
The iron imp disappears in a puff of smoke! x2
The shadow imp disappears in a puff of smoke!
You feel very sick.
There is a stone staircase leading down here.
Unknown command.
You slash Eustachio!
You headbutt Eustachio, but do no damage.
You feel very sick.
Eustachio hits you with a +1 rapier of venom.
* * * LOW HITPOINT WARNING * * *
Eustachio closely misses you.
You are too injured to fight recklessly!
Unknown command.
You closely miss Eustachio.
You feel sick.
Eustachio hits you with a +1 rapier of venom!
* * * LOW HITPOINT WARNING * * *
You are lethally poisoned!
You closely miss Eustachio. You headbutt Eustachio.
* * * LOW HITPOINT WARNING * * *
You feel extremely sick.
Eustachio hits you with a +1 rapier of venom.
You die...

.##.# #....... .##.#
#....... .##.# #.......
###.# ####.### # #.#
####### ####..## #.#
#.....# #......# #.#
#.....# ######.####.#
##.# #.....# #......#
#.## ##..### #....@#
#.###### #)#. ...)..#
#...@.###.# #.). ##.##.#
####...##.# #.)#
##.##.## #.#.#..#
#######..# ##.##..##
#.#.#.####.......##
##.###..###
#.#...#....#####.# ...#
##...#####.....))####
#.#
##.######.##......###..#
#.# #...###.....##.###
##)## #.#


You could see Eustachio.

Vanquished Creatures
  A jelly (D:2)
  2 orc wizards (D:3)
  2 adders (D:3)
  3 worms (D:3)
  A dart slug (D:3)
  5 orcs (D:3)
  3 ball pythons
  4 bats
  13 endoplasms
  2 giant cockroaches (D:1)
  4 hobgoblins
  8 jackals
  14 kobolds
  2 quokkas
  2 frilled lizards (D:3)
  7 goblins (D:1)
  9 rats
82 creatures vanquished.

Vanquished Creatures (others)
  2 fungi (D:2)
  9 toadstools (D:2)
11 creatures vanquished.

Grand Total: 93 creatures vanquished

Notes
Turn   | Place    | Note
-------+----------+-------------------------------------------
     0 | D:1      | Heedrag the Minotaur Fighter began the quest for the Orb.
     0 | D:1      | Reached XP level 1. HP: 19/19 MP: 0/0
   134 | D:1      | Reached XP level 2. HP: 22/27 MP: 1/1
   625 | D:1      | Reached XP level 3. HP: 27/33 MP: 2/2
   801 | D:1      | Reached skill level 1 in Dodging
   972 | D:2      | Found a faded altar of an unknown god.
  1701 | D:2      | Reached XP level 4. HP: 21/40 MP: 3/3
  2381 | D:3      | Reached XP level 5. HP: 29/47 MP: 4/4
  3035 | D:4      | Noticed Eustachio
  3050 | D:3      | HP: 2/47 [poisoned by Eustachio]
  3050 | D:3      | Slain by Eustachio

Illustrated notes

Levels and vault maps discovered:
D:1:      psy_arrival_heroes, layout_basic, hangedman_decor_riveting,
          minmay_hexomino_u4
D:2:      cheibrodos_fertilizer, layout_rooms, nicolae_ecumenical_pavilion,
          roderic_serpentine_path, minmay_misc_feat_cross
D:3:      layout_rooms
D:4:      layout_basic, riverfiend_overflow_shadow_ancestor,
          chequers_temple_overflow_statue_of_worship, uniq_eustachio

Skill      XL: |  1  2  3  4  5 |
---------------+----------------+-----
Axes           | 3 4 |  4.5
Shields        | 4 |  4.5
Dodging        | 1 2 |  2.1
Fighting       | 4 |  4.5
Armour         | 4 |  4.4

Action                   |  1- 3 |  4- 6 || total
-------------------------+-------+-------++-------
Melee: War axe           |    89 |    69 ||   158
       Headbutt          |     9 |     8 ||    17
Armor: Scale mail        |    34 |    32 ||    66
Dodge: Dodged            |    44 |    24 ||    68
Block: Buckler           |    20 |    12 ||    32

Table legend: (Time is in decaauts)
 A = Elapsed time spent in this place.
 B = Non-inter-level travel time spent in this place.
 C = Inter-level travel time spent in this place.
 D = Time resting spent in this place.
 E = Time spent auto-exploring this place.
 F = Levels seen in this place.
 G = Mean time per level.
                   A        B        C        D        E       F      G
               +--------+--------+--------+--------+--------+-----+--------+
         Total |   3106 |   3000 |    106 |      0 |   2488 |   4 |  776.5 |
       Dungeon |   3106 |   3000 |    106 |      0 |   2488 |   4 |  776.5 |
               +--------+--------+--------+--------+--------+-----+--------+

Top non-repeatable levels by time:
     D:2: 1147 daAuts
     D:1: 992 daAuts
     D:3: 953 daAuts
     D:4: 13 daAuts
